[Event "Team 45 45 League T40"]
[Site "Internet Chess Club"]
[Date "2009.03.20"]
[Round "8"]
[White "rgadoury"]
[Black "jjaillet2007"]
[Result "1/2-1/2"]
[WhiteElo "1212"]
[BlackElo "1227"]
[Opening "French: advance, Paulsen attack"]
[ECO "C02"]
[Time "19:00:13"]
[TimeControl "2700+45"]

1. e4 e6 2. d4 d5 3. e5 c5 4. c3 Nc6 5. Nf3 cxd4 6. cxd4 Bb4+ 7. Nc3 f6 8. Bb5
a6 9. Bxc6+ bxc6 10. O-O fxe5 11. Nxe5 Nf6 12. Nxc6 Qd6 13. Nxb4 Qxb4 14. Qa4+
Qxa4 15. Nxa4 Rb8 16. Nc5 a5 17. Re1 Ke7 18. f3 Nd7 19. Nxe6 Kf7 20. b3 h6 21.
Nc7 Nb6 22. Nb5 Rd8 23. Bf4 Ra8 24. Bc7 Rd7 25. Bxb6 Rb8 26. Bc5 Rxb5 27. Re5
Kf6 28. Rae1 Rf7 29. Kf2 Kg6 30. h3 Rf5 31. Rxf5 Bxf5 32. Re5 Bb1 33. Rxd5 Bxa2
34. Rd6+ Kf5 35. Rb6 Rxb3 36. Rxb3 Bxb3 37. Ke3 Ke6 38. h4 g5 39. hxg5 hxg5 40.
Kf2 Kf5 41. Ke3 g4 42. g3 gxf3 43. Kxf3 Bd5+ 44. Ke3 Kg4 45. Bd6 a4 46. Kd3 a3
47. Bxa3 Kxg3 {Game drawn by mutual agreement} 1/2-1/2

[Event "Team 45 45 League T40"]
[Site "Internet Chess Club"]
[Date "2009.03.19"]
[Round "8"]
[White "ars-felidae"]
[Black "baseball613"]
[Result "1-0"]
[WhiteElo "1217"]
[BlackElo "1154"]
[Opening "Caro-Kann: Steinitz variation"]
[ECO "B17"]
[Time "08:51:36"]
[TimeControl "2700+45"]

1. e4 c6 2. d4 d5 3. Nc3 dxe4 4. Nxe4 Nd7 5. Nf3 Ngf6 6. Bd3 Nxe4 7. Bxe4 Nf6 8.
Qd3 Bg4 9. Ne5 Bh5 10. O-O Nxe4 11. Qxe4 Bg6 12. Qe2 Qxd4 13. Nf3 Qf6 14. c3 Bh5
15. Qd3 Bxf3 16. gxf3 Rd8 17. Qe4 e6 18. Be3 a6 19. Rad1 Bd6 20. Qg4 Qg6 21. Kh1
Qxg4 22. fxg4 O-O 23. h4 Be7 24. g5 Rxd1 25. Rxd1 Rd8 26. Rg1 g6 27. Kh2 Bd6+
28. Kh3 Kg7 29. Bd4+ Kg8 30. h5 c5 31. Bf6 Bc7 32. Bxd8 Bxd8 33. Kh4 b5 34. f4
Kg7 35. h6+ Kg8 36. Kg4 b4 37. c4 a5 38. Rd1 Bb6 39. Rd6 Bc7 40. Rc6 Bd8 41. Rc8
Kf8 42. Rxd8+ Ke7 43. Rh8 f5+ 44. gxf6+ Kxf6 45. Rxh7 a4 46. Ra7 g5 47. h7
{Black resigns} 1-0

[Event "Team 45 45 League T40"]
[Site "Internet Chess Club"]
[Date "2009.03.21"]
[Round "8"]
[White "ordinaryboy"]
[Black "Zohan"]
[Result "0-1"]
[WhiteElo "1004"]
[BlackElo "1250"]
[Opening "QGD Slav: 4.Nc3"]
[ECO "D15"]
[Time "18:00:04"]
[TimeControl "2700+45"]

1. d4 d5 2. c4 c6 3. Nc3 Nf6 4. Nf3 Bf5 5. Bf4 e6 6. e3 Qb6 7. Bd3 Bxd3 8. Qxd3
Qxb2 9. Rb1 Qa3 10. Rb3 Qa6 11. O-O dxc4 12. Qc2 cxb3 13. Qxb3 Nd5 14. e4 Nxf4
15. a4 Qb6 16. Qc2 Be7 17. Qd2 Ng6 18. Rb1 Qc7 19. Rb3 a5 20. Qb2 Ra7 21. d5 Bb4
22. dxe6 fxe6 23. Na2 c5 24. Nc3 c4 25. Nb5 Qd7 26. Nxa7 Qd1+ 27. Ne1 Qxe1#
{White checkmated} 0-1

[Event "Team 45 45 League T40"]
[Site "Internet Chess Club"]
[Date "2009.03.21"]
[Round "8"]
[White "reb"]
[Black "menorca"]
[Result "1-0"]
[WhiteElo "2335"]
[BlackElo "2165"]
[Opening "Alekhine's defense: exchange variation"]
[ECO "B03"]
[Time "10:57:45"]
[TimeControl "2700+45"]

1. e4 Nf6 2. e5 Nd5 3. d4 d6 4. c4 Nb6 5. exd6 exd6 6. Nc3 Be7 7. Bd3 Nc6 8.
Nge2 Bg4 9. Be3 O-O 10. O-O Nb4 11. f3 Nxd3 12. Qxd3 Bh5 13. Nf4 Bg6 14. Nxg6
hxg6 15. Rfe1 Qd7 16. b3 Rfe8 17. Re2 Qf5 18. Qxf5 gxf5 19. Rae1 Bf6 20. Nb5
Rec8 21. d5 Bd8 22. Bxb6 axb6 23. Re8+ Kh7 24. R1e2 Rab8 25. Na7 {Black resigns}
1-0

[Event "Team 45 45 League T40"]
[Site "Internet Chess Club"]
[Date "2009.03.20"]
[Round "8"]
[White "ranaamasonika"]
[Black "fundie"]
[Result "0-1"]
[WhiteElo "2141"]
[BlackElo "2326"]
[Opening "Pirc defense"]
[ECO "B07"]
[Time "20:01:53"]
[TimeControl "2700+45"]

1. e4 d6 2. d4 Nf6 3. Nc3 a6 4. f3 e6 5. Be3 b5 6. Qd2 Nbd7 7. g4 Nb6 8. g5 Nfd7
9. h4 Bb7 10. Nh3 b4 11. Nd1 d5 12. e5 Nc4 13. Qf2 c5 14. c3 bxc3 15. bxc3 cxd4
16. Bxd4 Ncxe5 17. Be2 Qc7 18. O-O h5 19. Ne3 Nc4 20. Rfe1 Nxe3 21. Bxe3 Bd6 22.
f4 Qxc3 23. Rec1 Qa3 24. Rab1 Rb8 25. Rxb7 Rxb7 26. Rc8+ Ke7 27. Rxh8 d4 28.
Bxd4 Qxh3 29. Bxg7 Rb1+ 30. Bf1 Rxf1+ 31. Qxf1 Bc5+ {White resigns} 0-1

[Event "Team 45 45 League T40"]
[Site "Internet Chess Club"]
[Date "2009.03.23"]
[Round "8"]
[White "jorobo"]
[Black "alegro"]
[Result "1-0"]
[WhiteElo "2225"]
[BlackElo "1960"]
[Opening "QGD: Orthodox defense, Bd3 line"]
[ECO "D66"]
[Time "13:09:04"]
[TimeControl "2700+45"]

1. d4 d5 2. c4 e6 3. Nc3 Be7 4. Nf3 Nf6 5. Bg5 c6 6. e3 O-O 7. Rc1 Nbd7 8. Bd3
h6 9. Bh4 dxc4 10. Bxc4 Nd5 11. Bg3 Nxc3 12. bxc3 c5 13. O-O Nb6 14. Bd3 Bd7 15.
Ne5 Ba4 16. Qg4 Nd5 17. Qe4 f5 18. Qf3 b6 19. Ng6 Rf7 20. e4 f4 21. exd5 fxg3
22. Nxe7+ Qxe7 23. Qe4 gxh2+ 24. Kh1 g5 25. dxe6 Rff8 26. d5 Rf4 27. Qg6+ Qg7
28. d6 Rd8 29. d7 Bxd7 30. exd7 Rxd7 31. Qe8+ Rf8 32. Qe6+ Kh8 33. Qh3 g4 34.
Qe3 Re7 35. Qg3 Qg5 36. Rce1 Rfe8 37. Rxe7 Rxe7 38. Qb8+ Kg7 39. Bc4 {Black
resigns} 1-0

[Event "Team 45 45 League T40"]
[Site "Internet Chess Club"]
[Date "2009.03.21"]
[Round "8"]
[White "easycure"]
[Black "gyoung"]
[Result "0-1"]
[WhiteElo "2365"]
[BlackElo "2287"]
[Opening "Dutch with c4 & Nc3"]
[ECO "A85"]
[Time "12:02:03"]
[TimeControl "2700+45"]

1. d4 f5 2. c4 Nf6 3. Nc3 d6 4. g3 g6 5. Bg2 Bg7 6. d5 O-O 7. Nh3 Nbd7 8. O-O
Ne5 9. b3 Ne4 10. Bb2 Nxc4 11. bxc4 Nxc3 12. Qc2 Ne4 13. Bxg7 Kxg7 14. Bxe4 fxe4
15. Ng5 e5 16. Nxe4 Bf5 17. Rab1 b6 18. Rb3 Bxe4 19. Qxe4 Qg5 20. Re3 Rf4 21.
Qc2 Raf8 22. Re4 Rxe4 23. Qxe4 Qf5 24. Qxf5 gxf5 25. Kg2 Kf6 26. Kf3 Rg8 27. h3
Rc8 28. Ke3 h5 29. h4 Rg8 30. Kd3 Rg4 31. e3 f4 32. Rg1 a6 33. e4 Ke7 34. f3
Rxg3 35. Rxg3 fxg3 36. Ke2 Kd7 37. Kf1 c5 38. Kg2 b5 39. Kxg3 bxc4 40. Kf2 Kc7
41. Ke3 Kb6 42. Kd2 Ka5 43. Kc3 Kb5 44. Kb2 Kb4 45. a3+ Ka4 46. f4 exf4 47. e5
f3 48. e6 f2 49. e7 c3+ 50. Ka2 f1=Q 51. e8=Q+ Qb5 52. Qe4+ c4 53. Qc2+ Qb3+ 54.
Ka1 Kxa3 {White resigns} 0-1

[Event "Team 45 45 League T40"]
[Site "Internet Chess Club"]
[Date "2009.03.23"]
[Round "8"]
[White "f5"]
[Black "Blade"]
[Result "0-1"]
[WhiteElo "2166"]
[BlackElo "2156"]
[Opening "Scotch: Mieses variation"]
[ECO "C45"]
[Time "15:02:15"]
[TimeControl "2700+45"]

1. e4 e5 2. Nf3 Nc6 3. d4 exd4 4. Nxd4 Nf6 5. Nxc6 bxc6 6. e5 Qe7 7. Qe2 Nd5 8.
c4 Ba6 9. b3 Qh4 10. a3 Bc5 11. g3 Bxf2+ 12. Qxf2 Qe4+ 13. Kd2 Qxh1 14. Bd3 c5
15. Kc2 Ne7 16. Nd2 Qb7 17. Be4 c6 18. Bd3 Rb8 19. Rb1 O-O 20. Ne4 Qc7 21. Bf4
Ng6 22. h4 Nxe5 23. Qxc5 d5 24. Nf2 Rfe8 25. cxd5 Bxd3+ 26. Nxd3 Nxd3 27. Kxd3
Qd7 28. Bxb8 Qf5+ 29. Kc3 Qf3+ 30. Kb4 Rxb8+ {White resigns} 0-1

[Event "Team 45 45 League T40"]
[Site "Internet Chess Club"]
[Date "2009.03.22"]
[Round "8"]
[White "SlimeDog2"]
[Black "chiiwen"]
[Result "1-0"]
[WhiteElo "2226"]
[BlackElo "2076"]
[Opening "Dutch defense"]
[ECO "A87"]
[Time "14:00:08"]
[TimeControl "2700+45"]

1. d4 f5 2. c4 Nf6 3. Nf3 g6 4. Nc3 Bg7 5. g3 O-O 6. Bg2 d6 7. O-O Qe8 8. d5 Na6
9. Nd4 Bd7 10. b3 c6 11. dxc6 bxc6 12. Bb2 Rc8 13. Qd2 Nc7 14. Rad1 Kh8 15. Rfe1
e5 16. Nf3 e4 17. Nd4 Rd8 18. Ba3 c5 19. Nc2 Bc6 20. Ne3 Bh6 21. Bb2 Kg8 22. f4
Bg7 23. Ncd5 Ncxd5 24. cxd5 Ba8 25. h3 h5 26. Kh2 Qe7 27. Bxf6 Qxf6 28. Nc4 Bh6
29. e3 g5 30. Rg1 Kh8 31. Qb2 Qxb2 32. Nxb2 gxf4 33. gxf4 Kh7 34. Bf1 Bg7 35.
Nc4 Bf6 36. Be2 Kh6 37. Na5 Rg8 38. Rxg8 Rxg8 39. Bb5 Bh4 40. Bd7 Bf2 41. Nc4
Rg3 42. Nxd6 Rxe3 43. Nxf5+ Kh7 44. Nxe3 Bxe3 45. Bf5+ Kh8 46. Bxe4 Bxf4+ 47.
Kg2 Bb7 48. Kf3 Be5 49. d6 Bxe4+ 50. Kxe4 Bf6 51. d7 Bd8 52. Kd5 {Black resigns}
1-0

[Event "Team 45 45 League T40"]
[Site "Internet Chess Club"]
[Date "2009.03.21"]
[Round "8"]
[White "Legal"]
[Black "Ser-Enigma"]
[Result "0-1"]
[WhiteElo "2054"]
[BlackElo "2170"]
[Opening "Caro-Kann: Steinitz variation"]
[ECO "B17"]
[Time "15:03:40"]
[TimeControl "2700+45"]

1. e4 c6 2. d4 d5 3. Nc3 dxe4 4. Nxe4 Nd7 5. Ng5 Ngf6 6. Bd3 e6 7. N1f3 Bd6 8.
Qe2 h6 9. Ne4 Nxe4 10. Qxe4 Qc7 11. O-O b6 12. Re1 Nf6 13. Qh4 Bb7 14. Ne5 O-O-O
15. Be3 g5 16. Qh3 c5 17. Nc4 cxd4 18. Nxd6+ Qxd6 19. Bd2 Nd5 20. Qh5 f5 21. Qg6
Nc7 22. Rad1 Qc6 23. Bf1 Kb8 24. c4 Qe8 25. Qf6 Qf8 26. Qxf8 Rhxf8 27. h4 Rg8
28. hxg5 hxg5 29. Bd3 Bc8 30. Re5 Ne8 31. a4 Nf6 32. a5 Nd7 33. Rb5 Ba6 34. Rb4
Nc5 35. Bf1 Kc7 36. Ra1 e5 37. axb6+ axb6 38. Re1 e4 39. g4 f4 40. Bg2 f3 41.
Bf1 Rd7 {White resigns} 0-1

[Event "Team 45 45 League T40"]
[Site "Internet Chess Club"]
[Date "2009.03.19"]
[Round "8"]
[White "Invicta-Knight"]
[Black "rookmaster23"]
[Result "1-0"]
[WhiteElo "1629"]
[BlackElo "1308"]
[Opening "Sicilian: Grand Prix attack"]
[ECO "B23"]
[Time "15:08:01"]
[TimeControl "2700+45"]

1. e4 c5 2. Nc3 Nc6 3. f4 g6 4. Nf3 Bg7 5. Bc4 e6 6. O-O Nge7 7. a4 O-O 8. d3 d5
9. Ba2 b6 10. Qe1 Nb4 11. Bb1 Bb7 12. Na2 Nbc6 13. c3 a5 14. e5 h5 15. d4 cxd4
16. cxd4 Nf5 17. Qf2 f6 18. Nc3 fxe5 19. dxe5 d4 20. Nb5 Ba6 21. Rd1 Rc8 22.
Bxf5 exf5 23. Nfxd4 Nxe5 24. fxe5 Bxe5 25. Bh6 Re8 26. Nxf5 Qf6 27. Nbd6 Bxd6
28. Nxd6 Qe7 29. Nxe8 Rxe8 30. Re1 {Black resigns} 1-0

[Event "Team 45 45 League T40"]
[Site "Internet Chess Club"]
[Date "2009.03.20"]
[Round "8"]
[White "Prop"]
[Black "stputte"]
[Result "1-0"]
[WhiteElo "1394"]
[BlackElo "1381"]
[Opening "Alekhine's defense: Krejcik variation"]
[ECO "B02"]
[Time "19:02:02"]
[TimeControl "2700+45"]

1. e4 Nf6 2. Bc4 b5 3. Bxb5 Nxe4 4. d3 Nf6 5. Nf3 Bb7 6. O-O Nc6 7. Nc3 e6 8.
Qe2 Bc5 9. Be3 Bxe3 10. Qxe3 O-O 11. Rad1 Rb8 12. d4 a6 13. Be2 Qe7 14. a3 a5
15. d5 Nd8 16. Bc4 Ba8 17. Na4 Re8 18. Rfe1 Nb7 19. dxe6 dxe6 20. Ne5 Rbd8 21.
Nc6 Qf8 22. Nxd8 Rxd8 23. Rxd8 Qxd8 24. Be2 Nd6 25. Rd1 Qe8 26. c4 Qxa4 27. Qa7
Qe8 28. Qxc7 Qd7 29. Qxd7 Nxd7 30. Rxd6 Nf8 31. Bf3 Bxf3 32. gxf3 g5 33. c5 Ng6
34. b4 axb4 35. axb4 Ne7 36. b5 Kg7 37. c6 Nc8 38. Rd8 Ne7 39. c7 Kf6 40. c8=Q
Nxc8 41. Rxc8 Ke7 42. b6 Kd7 43. Rc1 {Black resigns} 1-0

[Event "Team 45 45 League T40"]
[Site "Internet Chess Club"]
[Date "2009.03.21"]
[Round "8"]
[White "houseofcook"]
[Black "BosqueVerde"]
[Result "1-0"]
[WhiteElo "1428"]
[BlackElo "1212"]
[Opening "Scotch gambit"]
[ECO "C44"]
[Time "13:00:27"]
[TimeControl "2700+45"]

1. e4 e5 2. Nf3 Nc6 3. d4 exd4 4. Bc4 h6 5. O-O Bc5 6. c3 dxc3 7. Bxf7+ Kxf7 8.
Qd5+ Ke8 9. Qxc5 d6 10. Qh5+ Kf8 11. Nxc3 Nf6 12. Qb5 a6 13. Qd3 Be6 14. a3 Ne5
15. Nxe5 dxe5 16. Qe3 Ng4 17. Qe2 h5 18. Rd1 Qh4 19. Qf3+ Ke7 20. Qg3 Qf6 21. h3
h4 22. Nd5+ Bxd5 23. Qxg4 Be6 24. Qe2 g5 25. Qc2 Rac8 26. Be3 b6 27. Qc1 Rhg8
28. Qd2 c5 29. Qd6+ Kf7 30. Qxb6 Rb8 31. Qc7+ Kg6 32. Qxc5 Rxb2 33. Rab1 Rc8 34.
Qa5 Re2 35. Qxa6 Rcc2 36. Rf1 Bc4 37. Qxf6+ Kxf6 38. Rb6+ Ke7 39. Bxg5+ Kf7 40.
Bxh4 Rxe4 41. Rd1 Be6 42. Rb7+ Kg6 43. Rb6 Kf5 44. g4+ Kf4 45. Rxe6 Ree2 46.
Bg3+ Kf3 47. Rf6+ Ke4 48. Rf5 Ra2 49. Rxe5+ Kf3 50. Rd3+ Re3 51. Rexe3# {Black
checkmated} 1-0

[Event "Team 45 45 League T40"]
[Site "Internet Chess Club"]
[Date "2009.03.24"]
[Round "8"]
[White "WzeroMN"]
[Black "JimGaming"]
[Result "0-1"]
[WhiteElo "1234"]
[BlackElo "1327"]
[Opening "Ruy Lopez: Schliemann defense"]
[ECO "C63"]
[Time "13:50:40"]
[TimeControl "2700+45"]

1. e4 e5 2. Nf3 Nc6 3. Bb5 f5 4. d3 fxe4 5. dxe4 Nf6 6. Bg5 Bc5 7. Bxc6 bxc6 8.
Nxe5 O-O 9. Nf3 Ba6 10. b3 Bxf2+ 11. Kxf2 Nxe4+ 12. Ke3 Nxg5 13. Rf1 Qe7+ 14.
Kf2 Qc5+ 15. Kg3 Ne4+ {White resigns} 0-1

[Event "Team 45 45 League T40"]
[Site "Internet Chess Club"]
[Date "2009.03.22"]
[Round "8"]
[White "Manch"]
[Black "Zyme"]
[Result "0-1"]
[WhiteElo "1484"]
[BlackElo "1481"]
[Opening "French: Burn variation"]
[ECO "C11"]
[Time "17:15:00"]
[TimeControl "2700+45"]

1. e4 e6 2. d4 d5 3. Nc3 Nf6 4. Bg5 dxe4 5. Nxe4 Be7 6. Bxf6 Bxf6 7. c3 Nd7 8.
Nf3 b6 9. Bd3 Bb7 10. Qe2 O-O 11. O-O-O Qe7 12. h4 c5 13. g4 cxd4 14. cxd4 Qb4
15. g5 Be7 16. Kb1 Rac8 17. h5 a5 18. g6 fxg6 19. hxg6 h6 20. Rh3 Rf5 21. a3 Qb3
22. Nc5 Nxc5 23. dxc5 Bd5 24. Bxf5 Qa2+ 25. Kc1 Rxc5+ 26. Kd2 Qxb2+ 27. Ke1
Qxe2+ 28. Kxe2 exf5 29. Ke1 Rc3 30. Ke2 Bc4+ 31. Kd2 Rd3+ 32. Kc2 Rxa3 33. Rg3
Bf6 34. Ne5 Ra2+ 35. Kb1 Ra4 36. Rc3 Be6 37. Rc6 Ba2+ 38. Kc2 Kf8 39. Nd7+ Ke7
40. Nxf6 gxf6 41. Rc7+ Ke6 42. Re1+ Kd6 43. Rce7 Rg4 44. g7 Rg2 45. Re8 Rxg7 46.
Rh8 Re7 47. Rxe7 Kxe7 48. Rxh6 b5 49. Kb2 Bc4 50. Rh4 a4 51. Ka3 Ke6 52. f4 Kd5
53. Rh6 Ke4 54. Rxf6 Kxf4 55. Kb4 Kg5 56. Rd6 f4 57. Rd2 f3 58. Kc3 Kf4 59. Kd4
a3 60. Rc2 a2 61. Rd2 a1=Q+ {White resigns} 0-1

[Event "Team 45 45 League T40"]
[Site "Internet Chess Club"]
[Date "2009.03.23"]
[Round "8"]
[White "AlPearson"]
[Black "Shazaam"]
[Result "0-1"]
[WhiteElo "1413"]
[BlackElo "1477"]
[Opening "English opening"]
[ECO "A10"]
[Time "10:02:57"]
[TimeControl "2700+45"]

1. c4 d5 2. cxd5 Qxd5 3. Nc3 Qc6 4. Nf3 Nf6 5. g3 e6 6. Bg2 Qb6 7. O-O Be7 8. d4
O-O 9. Qc2 Bd7 10. b3 Bc6 11. e3 Nbd7 12. a4 Bb4 13. Ba3 Bxa3 14. Rxa3 Nd5 15.
Nxd5 exd5 16. Rb1 Qb4 17. Ne1 Qxa3 {White resigns} 0-1

[Event "Team 45 45 League T40"]
[Site "Internet Chess Club"]
[Date "2009.03.21"]
[Round "8"]
[White "cobra2008"]
[Black "AtomicDog"]
[Result "0-1"]
[WhiteElo "1390"]
[BlackElo "1418"]
[Opening "Sicilian: Sozin attack"]
[ECO "B86"]
[Time "10:58:13"]
[TimeControl "2700+45"]

1. e4 c5 2. Nf3 d6 3. Bc4 e6 4. d4 cxd4 5. Nxd4 Nf6 6. Nc3 a6 7. Bd2 Be7 8. O-O
O-O 9. Nf3 Nbd7 10. h3 Ne5 11. Nxe5 dxe5 12. Qe2 b5 13. Bb3 b4 14. Na4 Ra7 15.
Be3 Rb7 16. Rad1 Qc7 17. Bg5 Ra7 18. Bxf6 Bxf6 19. Rfe1 Bd7 20. a3 a5 21. Qe3
Bxa4 22. Bxa4 Rd8 23. Rxd8+ Bxd8 24. Rd1 Ra8 25. Qd3 bxa3 26. Qxa3 Qc4 27. c3
Qxe4 28. b3 Bb6 29. Qb2 Rb8 30. c4 Bd4 31. Qa3 Qc2 32. Rf1 Qf5 33. Qe7 e4 34.
Qc7 Rf8 35. Qd7 Bc5 36. Qd1 e3 37. Qe2 Rd8 38. fxe3 Qe5 39. Rf3 Bb4 40. Qf1 f6
41. g4 Bc5 42. Qe2 Qc3 43. Kf1 Rd2 44. Qe1 Qd3+ 45. Kg1 Rd1 46. Qxd1 Qxd1+ 47.
Kg2 Qd2+ 48. Rf2 Qxe3 49. Rf3 Qg1# {White checkmated} 0-1

[Event "Team 45 45 League T40"]
[Site "Internet Chess Club"]
[Date "2009.03.21"]
[Round "8"]
[White "Rubacchus"]
[Black "Check101"]
[Result "0-1"]
[WhiteElo "1262"]
[BlackElo "1234"]
[Opening "KGA: bishop's gambit, Steinitz defense"]
[ECO "C33"]
[Time "10:50:10"]
[TimeControl "2700+45"]

1. e4 e5 2. f4 exf4 3. Bc4 Ne7 4. Nc3 g6 5. Nf3 Bg7 6. d4 c6 7. Bxf4 d6 8. h3
O-O 9. O-O b5 10. Bb3 Bb7 11. Qd2 d5 12. Rae1 Re8 13. Bh6 Bxh6 14. Qxh6 dxe4 15.
Nxe4 Nf5 16. Bxf7+ Kh8 17. Qg5 Qxg5 18. Nfxg5 Rf8 19. Be6 Na6 20. g4 Nxd4 21.
Rxf8+ Rxf8 22. Nf7+ Kg7 23. Ned6 Nf3+ 24. Kf2 Nxe1 25. Kxe1 Nc7 26. Bd7 Rxf7 27.
Nxf7 Kxf7 28. h4 Ke7 29. Bf5 gxf5 30. g5 Kf7 31. h5 Ne6 32. g6+ hxg6 33. h6 Kg8
34. Kf2 Kh7 35. Kg3 Kxh6 36. c3 Kg5 37. b3 c5 38. a3 a5 39. b4 cxb4 40. cxb4
axb4 41. a4 bxa4 {White resigns} 0-1

[Event "Team 45 45 League T40"]
[Site "Internet Chess Club"]
[Date "2009.03.21"]
[Round "8"]
[White "Kravier"]
[Black "BotanicalKnight"]
[Result "1/2-1/2"]
[WhiteElo "1569"]
[BlackElo "1613"]
[Opening "Réti v Dutch"]
[ECO "A04"]
[Time "23:03:39"]
[TimeControl "2700+45"]

1. Nf3 f5 2. d4 d5 3. Bf4 Nf6 4. e3 e6 5. c4 Be7 6. Nc3 O-O 7. cxd5 exd5 8. Be2
c6 9. O-O Ne4 10. Rc1 Nd7 11. Bd3 h6 12. Be5 {Game drawn by mutual agreement}
1/2-1/2

[Event "Team 45 45 League T40"]
[Site "Internet Chess Club"]
[Date "2009.03.23"]
[Round "8"]
[White "BarryNL"]
[Black "kublai"]
[Result "1-0"]
[WhiteElo "1479"]
[BlackElo "1498"]
[Opening "Réti: King's Indian attack"]
[ECO "A05"]
[Time "14:21:51"]
[TimeControl "2700+45"]

1. Nf3 Nf6 2. g3 g6 3. Bg2 Bg7 4. O-O O-O 5. d3 c5 6. Nbd2 Nc6 7. e4 d6 8. Nc4
Bg4 9. c3 b5 10. Ne3 Be6 11. Bd2 Qd7 12. Ng5 a5 13. Nxe6 fxe6 14. Qb3 Rab8 15.
Bh3 Nd8 16. Nd5 a4 17. Nxf6+ exf6 18. Qc2 f5 19. exf5 exf5 20. Bg2 Nf7 21. Bf4
Be5 22. Qd2 Bxf4 23. Qxf4 Ne5 24. d4 cxd4 25. Qxd4 Rfe8 26. Rad1 Rbd8 27. Rfe1
Nc4 28. Bd5+ Qf7 29. Bxf7+ Kxf7 30. Qd5+ Kg7 31. Rxe8 Rxe8 32. Qxb5 Ne5 33. Qxe8
{Black resigns} 1-0

[Event "Team 45 45 League T40"]
[Site "Internet Chess Club"]
[Date "2009.03.20"]
[Round "8"]
[White "SigmaSquared"]
[Black "Sir-Anthony"]
[Result "1-0"]
[WhiteElo "1401"]
[BlackElo "1482"]
[Opening "Sicilian: Najdorf"]
[ECO "B90"]
[Time "21:06:43"]
[TimeControl "2700+45"]

1. e4 c5 2. Nf3 d6 3. d4 cxd4 4. Nxd4 Nf6 5. Nc3 a6 6. f3 e5 7. Nb3 Be7 8. Be3
Be6 9. Qd2 Bxb3 10. axb3 h6 11. g4 Nc6 12. h4 Nd7 13. Nd5 Bxh4+ 14. Kd1 Be7 15.
g5 h5 16. Bh3 Nd4 17. Bxd4 exd4 18. Bxd7+ Kxd7 19. Qxd4 Rb8 20. Qxg7 Bxg5 21.
Qxf7+ Kc6 22. Ra4 a5 23. Rc4+ Kb5 24. Nc7+ Kb6 25. Qd5 Qd7 26. b4 Qa4 27. Qd4#
{Black checkmated} 1-0

[Event "Team 45 45 League T40"]
[Site "Internet Chess Club"]
[Date "2009.03.20"]
[Round "8"]
[White "rd00d"]
[Black "simonson"]
[Result "1-0"]
[WhiteElo "1429"]
[BlackElo "1268"]
[Opening "Sicilian"]
[ECO "B50"]
[Time "21:00:16"]
[TimeControl "2700+45"]

1. e4 c5 2. Nf3 d6 3. c3 Nf6 4. d3 Nc6 5. Be2 e5 6. h3 Be7 7. Be3 O-O 8. O-O Be6
9. Nbd2 b5 10. Ng5 Qd7 11. Nxe6 fxe6 12. Bf3 Qe8 13. b4 cxb4 14. cxb4 Nxb4 15.
Qb3 d5 16. a3 Nxd3 17. Qxd3 d4 18. Bg5 a6 19. Bxf6 Rxf6 20. Bd1 Qg6 21. Nf3 Bd6
22. Bb3 Raf8 23. Nh4 Qg5 24. Nf5 Bb8 25. Rac1 Kh8 26. Qg3 Rxf5 27. exf5 Qxf5 28.
Qf3 Qxf3 29. gxf3 Bd6 30. Rc6 Bxa3 31. Rxa6 Bb4 32. Rfa1 g6 33. Ra8 Kg7 34. Rxf8
Bxf8 35. Bxe6 d3 36. Bd5 Bb4 37. Rb1 d2 38. Bb3 Bc3 39. Bd1 b4 40. Kf1 Kf6 41.
Ke2 Kg5 42. Bc2 Kh4 43. Rg1 Kxh3 44. Rg4 Kh2 45. Rh4+ Kg2 46. Rxh7 Kg1 47. Rg7
Kh2 48. Rxg6 Kh3 49. Re6 Kg2 50. Rg6+ Kh1 51. Rg4 Kh2 52. Re4 Kg2 53. f4 exf4
54. Rxf4 Kg1 55. Rg4+ Kh2 56. f4 Kh3 57. Rg8 Kh4 58. f5 Kh5 59. Rg6 Kh4 60. f6
{Black resigns} 1-0

[Event "Team 45 45 League T40"]
[Site "Internet Chess Club"]
[Date "2009.03.21"]
[Round "8"]
[White "CKNIGHT3"]
[Black "Gwyddbwyll"]
[Result "0-1"]
[WhiteElo "1421"]
[BlackElo "1587"]
[Opening "Two knights defense (Modern bishop's opening)"]
[ECO "C55"]
[Time "17:05:03"]
[TimeControl "2700+45"]

1. e4 e5 2. Nf3 Nc6 3. Bc4 Nf6 4. d3 d5 5. exd5 Nxd5 6. Qe2 Bg4 7. h3 Bxf3 8.
Qxf3 Nd4 9. Qd1 c6 10. c3 Ne6 11. O-O Bd6 12. Qg4 O-O 13. Qe4 Bc7 14. d4 exd4
15. cxd4 Qd6 16. g3 Nf6 17. Qe3 Rae8 18. Bxe6 Rxe6 19. Qd3 Bb6 20. Be3 Rfe8 21.
Nc3 Rxe3 22. fxe3 Qxg3+ 23. Kh1 Qxh3+ 24. Kg1 Rxe3 25. Qc4 Bc7 26. Kf2 Qg3#
{White checkmated} 0-1

[Event "Team 45 45 League T40"]
[Site "Internet Chess Club"]
[Date "2009.03.21"]
[Round "8"]
[White "cazj"]
[Black "smsxman"]
[Result "0-1"]
[WhiteElo "1352"]
[BlackElo "1504"]
[Opening "Hungarian defense"]
[ECO "C50"]
[Time "12:04:44"]
[TimeControl "2700+45"]

1. e4 e5 2. Nf3 Nc6 3. Bc4 Be7 4. d3 d6 5. Nc3 Bg4 6. Be3 Nf6 7. h3 Bxf3 8. Qxf3
O-O 9. O-O-O Na5 10. Bb3 Nxb3+ 11. axb3 b6 12. h4 c6 13. Rh3 d5 14. Rg3 d4 15.
Bh6 g6 16. Bxf8 Qxf8 17. Ne2 Kh8 18. Rh1 Nh5 19. Rg4 Bb4 20. Rh3 f6 21. c3 dxc3
22. bxc3 Be7 23. d4 Bd6 24. dxe5 Bxe5 25. Nd4 Qa3+ 26. Kd2 Qb2+ 27. Nc2 Rd8+ 28.
Qd3 Qxc3+ 29. Ke2 Rxd3 30. Rxd3 Qxc2+ 31. Ke3 Qc1+ 32. Ke2 Nf4+ 33. Kf3 Nxd3
{White resigns} 0-1

[Event "Team 45 45 League T40"]
[Site "Internet Chess Club"]
[Date "2009.03.23"]
[Round "8"]
[White "Wonderbugg"]
[Black "andrew0311"]
[Result "1-0"]
[WhiteElo "1487"]
[BlackElo "1449"]
[Opening "QGA: 3.e4"]
[ECO "D20"]
[Time "19:09:21"]
[TimeControl "2700+45"]

1. d4 d5 2. c4 dxc4 3. e4 Nc6 4. Nf3 Bg4 5. Bxc4 Nxd4 6. Qxd4 Bxf3 7. Qxd8+ Rxd8
8. gxf3 Rd4 9. Bb3 e6 10. Be3 Bb4+ 11. Nc3 Rd8 12. Rg1 g6 13. Rd1 Rxd1+ 14. Kxd1
Ne7 15. a3 Bd6 16. f4 Nc6 17. e5 Be7 18. Ke2 O-O 19. Nb5 Na5 20. Ba2 c6 21. Nxa7
Ra8 22. Rd1 b5 23. b4 Nc4 24. Bxc4 bxc4 25. Nxc6 Bh4 26. Na5 c3 27. Kd3 Rd8+ 28.
Kc2 Rc8 29. b5 Ra8 30. Nc4 Rb8 31. a4 Ra8 32. Kb3 Be7 33. a5 Bd8 34. b6 Be7 35.
Kxc3 Kf8 36. Kb3 Ke8 37. Ka4 Rc8 38. Kb5 Ra8 39. a6 Bd8 40. b7 Rb8 41. Ba7 Rxb7+
42. axb7 Bc7 43. Kc6 Bxe5 44. fxe5 Ke7 45. b8=Q f6 46. Qd6+ Kf7 47. Qd7+ Kg8 48.
Qe7 fxe5 49. Rd8# {Black checkmated} 1-0

[Event "Team 45 45 League T40"]
[Site "Internet Chess Club"]
[Date "2009.03.23"]
[Round "8"]
[White "cazc"]
[Black "KingOfHearts"]
[Result "1/2-1/2"]
[WhiteElo "1217"]
[BlackElo "1279"]
[Opening "Three knights game"]
[ECO "C46"]
[Time "19:00:28"]
[TimeControl "2700+45"]

1. e4 e5 2. Nf3 Nc6 3. Nc3 d6 4. Bc4 Nf6 5. O-O Bg4 6. h3 Bh5 7. d3 h6 8. Be3 a6
9. Re1 b5 10. Bb3 Be7 11. a4 b4 12. Nd5 a5 13. c3 O-O 14. Rc1 Nb8 15. cxb4 c6
16. Bb6 Qd7 17. Nxe7+ Qxe7 18. Bxa5 c5 19. g4 Bg6 20. Nh4 Kh7 21. Nxg6 fxg6 22.
Bb6 Nc6 23. bxc5 Rfc8 24. Bd5 Nxd5 25. exd5 Nd4 26. c6 Qh4 27. Bxd4 exd4 28. Re4
Rf8 29. Qe2 Rxa4 30. c7 Rc8 31. Re8 Raa8 32. Rxc8 Rxc8 33. Qe6 Qg5 34. Qxc8
Qxc1+ 35. Kg2 Qc2 36. Qb7 Qxd3 37. c8=Q Qe4+ 38. f3 Qe2+ 39. Kg3 Qe1+ 40. Kg2
Qe2+ 41. Kg3 Qe1+ 42. Kg2 Qe2+ 43. Kg3 Qe1+ {Game drawn by repetition} 1/2-1/2